[ AOE2 MATCH · #504780022 ]
UnrankedDravidians vs Berbers
Rival team · LOSS
[ REPLAY ANALYSIS · EXTRACTED FROM THE RECORDED GAME ]
Feudal
11:52
Castle
18:35
Imperial
34:44
| APM avg | 90.0 |
| APM peak | 178 |
| eAPM avg | 26.0 |
| Villagers / military | 107 / 52 |
Focus
⚔️ 27.4% · 🌾 72.6%
Skirmisher ×21 · Archer ×14 · Scorpion ×5 · Militia ×4 · Mangonel ×4 · Monk ×3
Feudal
9:26
Castle
20:36
Imperial
—
| APM avg | 67.8 |
| APM peak | 107 |
| eAPM avg | 32.4 |
| Villagers / military | 90 / 56 |
Focus
⚔️ 36.9% · 🌾 63.1%
Genitour ×19 · Camel Archer ×19 · Mangonel ×11 · Scout Cavalry ×4 · Cavalry Archer ×2 · Skirmisher ×1
Match map
Initial resources + every placement click. Lines = walls · curves = elevation contours. ◆ gold · ⬟ stone · ● berries · ✦ relic · ◌ wall gap
Your base· Open — unwalled flank
Hackali's base· ✓ Closed at 20:36 · 68t walls · 1 gate(s)
Smoothed initial terrain · ◌ = detected wall gap · hover for details
Inputs per minute
— tomyam - - Hackali
Build order — tomyam
First 150 of 282 actions detected
| 0:00 | Create | Villager (Male) |
| 0:00 | Create | Villager (Male) |
| 0:01 | Create | Villager (Male) |
| 0:02 | Build | House |
| 0:03 | Build | House |
| 0:07 | Create | Villager (Male) |
| 0:08 | Create | Villager (Male) |
| 1:23 | Create | Villager (Male) |
| 1:23 | Create | Villager (Male) |
| 1:54 | Create | Villager (Male) |
| 1:54 | Create | Villager (Male) |
| 2:00 | Build | Lumber Camp |
| 2:22 | Create | Villager (Male) |
| 2:22 | Create | Villager (Male) |
| 2:22 | Create | Villager (Male) |
| 2:52 | Create | Villager (Male) |
| 2:52 | Create | Villager (Male) |
| 2:52 | Create | Villager (Male) |
| 3:32 | Create | Villager (Male) |
| 3:51 | Build | House |
| 3:58 | Create | Villager (Male) |
| 4:13 | Create | Villager (Male) |
| 4:47 | Create | Villager (Male) |
| 4:59 | Build | Barracks |
| 5:00 | Create | Villager (Male) |
| 5:09 | Create | Villager (Male) |
| 5:18 | Create | Villager (Male) |
| 5:31 | Build | House |
| 5:55 | Build | Palisade Wall |
| 5:56 | Build | Palisade Wall |
| 6:00 | Create | Militia |
| 6:00 | Create | Militia |
| 6:14 | Build | Palisade Wall |
| 6:26 | Create | Militia |
| 6:26 | Create | Militia |
| 6:28 | Create | Villager (Male) |
| 6:40 | Create | Villager (Male) |
| 7:12 | Create | Villager (Male) |
| 7:20 | Build | House |
| 7:26 | Create | Villager (Male) |
| 7:33 | Build | House |
| 7:36 | Research | Loom |
| 7:41 | Build | House |
| 7:44 | Build | Palisade Wall |
| 7:48 | Create | Villager (Male) |
| 8:05 | Build | Mill |
| 8:05 | Create | Villager (Male) |
| 8:29 | Create | Villager (Male) |
| 8:55 | Create | Villager (Male) |
| 9:42 | Research | Feudal Age |
| 9:43 | Create | Villager (Male) |
| 9:53 | Build | Mining Camp |
| 10:13 | Build | Mill |
| 10:49 | Build | Farm |
| 11:43 | Create | Villager (Male) |
| 11:52 | Age | Feudal Age |
| 12:00 | Build | Archery Range |
| 12:03 | Research | Double-Bit Axe |
| 12:04 | Create | Villager (Male) |
| 12:07 | Build | House |
| 12:12 | Build | Farm |
| 12:18 | Build | Farm |
| 12:22 | Build | Market |
| 12:29 | Create | Villager (Male) |
| 12:48 | Build | Blacksmith |
| 13:13 | Create | Archer |
| 13:14 | Build | Farm |
| 13:17 | Create | Villager (Male) |
| 13:19 | Build | Farm |
| 13:54 | Build | Lumber Camp |
| 14:00 | Build | House |
| 14:04 | Build | Palisade Wall |
| 14:07 | Create | Archer |
| 14:08 | Create | Villager (Male) |
| 14:24 | Build | Farm |
| 14:28 | Create | Villager (Male) |
| 14:29 | Create | Archer |
| 14:44 | Create | Archer |
| 14:46 | Create | Villager (Male) |
| 14:49 | Build | Farm |
| 14:55 | Build | Farm |
| 15:19 | Create | Archer |
| 15:24 | Build | House |
| 15:25 | Build | House |
| 15:30 | Create | Villager (Male) |
| 15:32 | Build | Farm |
| 15:42 | Build | Farm |
| 15:55 | Research | Castle Age |
| 15:55 | Research | Castle Age |
| 16:09 | Build | Archery Range |
| 16:10 | Create | Archer |
| 16:22 | Build | Palisade Gate |
| 16:24 | Create | Archer |
| 16:31 | Research | Fletching |
| 16:32 | Research | Fletching |
| 16:46 | Create | Spearman |
| 16:56 | Create | Archer |
| 17:08 | Create | Archer |
| 17:28 | Build | Farm |
| 18:26 | Create | Villager (Male) |
| 18:35 | Age | Castle Age |
| 18:38 | Research | Bodkin Arrow |
| 18:38 | Research | Bodkin Arrow |
| 18:38 | Research | Crossbowman (upgrade) |
| 18:39 | Research | Crossbowman (upgrade) |
| 18:42 | Build | Town Center |
| 18:50 | Build | Siege Workshop |
| 18:53 | Create | Villager (Male) |
| 19:22 | Create | Villager (Male) |
| 19:48 | Create | Villager (Male) |
| 19:54 | Research | Bow Saw |
| 19:54 | Research | Bow Saw |
| 20:00 | Build | Farm |
| 20:00 | Build | Farm |
| 20:01 | Build | Farm |
| 20:03 | Create | Mangonel |
| 20:07 | Create | Villager (Male) |
| 20:23 | Create | Villager (Male) |
| 20:27 | Create | Mangonel |
| 20:29 | Build | House |
| 20:29 | Create | Archer |
| 20:31 | Create | Villager (Male) |
| 20:43 | Create | Villager (Male) |
| 20:54 | Build | Town Center |
| 21:04 | Build | Monastery |
| 21:06 | Create | Archer |
| 21:06 | Create | Archer |
| 21:11 | Create | Villager (Male) |
| 21:17 | Build | Farm |
| 21:17 | Build | Farm |
| 21:28 | Research | Horse Collar |
| 21:28 | Research | Horse Collar |
| 21:29 | Create | Villager (Male) |
| 21:29 | Create | Villager (Male) |
| 21:41 | Create | Archer |
| 21:41 | Create | Archer |
| 21:42 | Create | Villager (Male) |
| 22:16 | Create | Scorpion |
| 22:16 | Create | Scorpion |
| 22:24 | Create | Villager (Male) |
| 22:24 | Create | Villager (Male) |
| 22:37 | Build | House |
| 22:52 | Create | Villager (Male) |
| 22:53 | Create | Villager (Male) |
| 23:13 | Build | Outpost |
| 23:22 | Create | Villager (Male) |
| 23:37 | Research | Town Watch |
| 23:37 | Research | Town Watch |
| 23:52 | Build | Outpost |
| 24:00 | Create | Villager (Male) |
Build order — Hackali
First 150 of 236 actions detected
| 0:01 | Create | Villager (Male) |
| 0:02 | Build | House |
| 0:03 | Build | House |
| 0:04 | Create | Villager (Male) |
| 0:04 | Create | Villager (Male) |
| 0:12 | Create | Villager (Male) |
| 0:13 | Create | Villager (Male) |
| 1:18 | Create | Villager (Male) |
| 1:18 | Create | Villager (Male) |
| 1:52 | Create | Villager (Male) |
| 1:52 | Create | Villager (Male) |
| 2:32 | Build | Lumber Camp |
| 2:41 | Create | Villager (Male) |
| 2:41 | Create | Villager (Male) |
| 2:53 | Create | Villager (Male) |
| 2:53 | Create | Villager (Male) |
| 3:14 | Create | Villager (Male) |
| 3:15 | Create | Villager (Male) |
| 3:36 | Create | Villager (Male) |
| 3:41 | Create | Villager (Male) |
| 3:41 | Create | Villager (Male) |
| 3:41 | Create | Villager (Male) |
| 4:00 | Build | House |
| 4:07 | Create | Villager (Male) |
| 4:19 | Build | Palisade Wall |
| 4:23 | Create | Villager (Male) |
| 4:40 | Create | Villager (Male) |
| 4:41 | Create | Villager (Male) |
| 5:20 | Build | House |
| 5:36 | Create | Villager (Male) |
| 5:40 | Build | Mill |
| 6:29 | Research | Loom |
| 7:16 | Research | Feudal Age |
| 8:10 | Create | Villager (Male) |
| 8:33 | Build | Barracks |
| 9:03 | Build | Palisade Wall |
| 9:06 | Build | Palisade Wall |
| 9:07 | Build | Palisade Wall |
| 9:09 | Build | Palisade Wall |
| 9:10 | Build | Palisade Wall |
| 9:11 | Build | Palisade Wall |
| 9:13 | Build | Palisade Wall |
| 9:14 | Build | Palisade Wall |
| 9:19 | Build | Palisade Wall |
| 9:22 | Build | Palisade Wall |
| 9:25 | Build | Palisade Wall |
| 9:26 | Age | Feudal Age |
| 9:28 | Build | Palisade Wall |
| 9:34 | Build | Stable |
| 9:35 | Create | Villager (Male) |
| 10:06 | Create | Villager (Male) |
| 10:15 | Create | Scout Cavalry |
| 10:15 | Create | Scout Cavalry |
| 10:16 | Create | Scout Cavalry |
| 10:18 | Research | Double-Bit Axe |
| 10:22 | Create | Villager (Male) |
| 10:42 | Build | Mill |
| 10:49 | Build | Palisade Wall |
| 10:55 | Build | Palisade Wall |
| 10:58 | Build | Palisade Wall |
| 10:59 | Build | Palisade Wall |
| 10:59 | Build | Palisade Wall |
| 10:59 | Build | Palisade Wall |
| 11:10 | Create | Villager (Male) |
| 11:10 | Create | Villager (Male) |
| 11:16 | Create | Villager (Male) |
| 11:17 | Build | House |
| 11:23 | Build | Palisade Wall |
| 11:31 | Build | House |
| 11:41 | Build | Farm |
| 11:42 | Build | Farm |
| 11:57 | Create | Villager (Male) |
| 12:05 | Create | Scout Cavalry |
| 12:09 | Build | Farm |
| 12:11 | Build | Farm |
| 12:28 | Build | House |
| 12:31 | Build | Palisade Wall |
| 12:35 | Create | Villager (Male) |
| 12:36 | Build | Farm |
| 12:38 | Build | Farm |
| 13:14 | Create | Villager (Male) |
| 13:16 | Build | Farm |
| 13:18 | Build | Farm |
| 13:28 | Create | Villager (Male) |
| 13:36 | Build | Archery Range |
| 13:40 | Create | Villager (Male) |
| 13:49 | Build | House |
| 13:50 | Build | Palisade Wall |
| 13:51 | Build | Palisade Wall |
| 13:56 | Build | House |
| 13:58 | Build | Palisade Wall |
| 14:06 | Build | Palisade Gate |
| 14:06 | Build | Palisade Wall |
| 14:07 | Build | Palisade Wall |
| 14:13 | Build | Mining Camp |
| 14:15 | Create | Villager (Male) |
| 14:35 | Research | Wheelbarrow |
| 14:35 | Research | Wheelbarrow |
| 14:46 | Build | Farm |
| 14:49 | Build | Farm |
| 14:55 | Create | Skirmisher |
| 15:00 | Build | House |
| 15:16 | Create | Villager (Male) |
| 15:17 | Build | Farm |
| 15:22 | Create | Villager (Male) |
| 15:37 | Create | Villager (Male) |
| 16:07 | Build | Market |
| 16:47 | Build | Mining Camp |
| 17:08 | Create | Villager (Male) |
| 17:21 | Build | House |
| 17:42 | Create | Villager (Male) |
| 17:56 | Research | Castle Age |
| 18:01 | Build | Archery Range |
| 18:06 | Create | Villager (Male) |
| 18:08 | Build | House |
| 18:14 | Build | Palisade Wall |
| 18:32 | Build | House |
| 18:41 | Create | Villager (Male) |
| 18:45 | Build | Blacksmith |
| 18:49 | Create | Villager (Male) |
| 18:51 | Build | House |
| 18:54 | Research | Horse Collar |
| 18:55 | Research | Horse Collar |
| 19:15 | Create | Villager (Male) |
| 19:28 | Research | Bloodlines |
| 19:28 | Research | Bloodlines |
| 19:49 | Build | House |
| 19:50 | Build | House |
| 20:07 | Research | Padded Archer Armor |
| 20:08 | Research | Fletching |
| 20:08 | Research | Fletching |
| 20:11 | Create | Villager (Male) |
| 20:17 | Build | Farm |
| 20:18 | Build | Farm |
| 20:36 | Age | Castle Age |
| 20:39 | Build | Siege Workshop |
| 20:45 | Create | Genitour |
| 20:45 | Create | Genitour |
| 20:51 | Create | Cavalry Archer |
| 20:51 | Create | Cavalry Archer |
| 21:20 | Create | Mangonel |
| 21:22 | Create | Villager (Male) |
| 21:32 | Create | Genitour |
| 21:32 | Create | Genitour |
| 21:37 | Create | Villager (Male) |
| 21:39 | Research | Husbandry |
| 22:27 | Create | Villager (Male) |
| 22:28 | Create | Villager (Male) |
| 22:55 | Create | Mangonel |
| 22:55 | Create | Mangonel |
Match timeline
| 4:19 | Hackali · wall_segment Palisade Wall x18 |
| 4:59 | tomyam · first_building Barracks |
| 5:55 | tomyam · wall_segment Palisade Wall x6 |
| 5:56 | tomyam · wall_segment Palisade Wall x1 |
| 6:14 | tomyam · wall_segment Palisade Wall x7 |
| 7:44 | tomyam · wall_segment Palisade Wall x7 |
| 8:33 | Hackali · first_building Barracks |
| 9:03 | Hackali · wall_segment Palisade Wall x19 |
| 9:06 | Hackali · wall_segment Palisade Wall x1 |
| 9:07 | Hackali · wall_segment Palisade Wall x1 |
| 9:09 | Hackali · wall_segment Palisade Wall x1 |
| 9:10 | Hackali · wall_segment Palisade Wall x1 |
| 9:11 | Hackali · wall_segment Palisade Wall x1 |
| 9:13 | Hackali · wall_segment Palisade Wall x1 |
| 9:14 | Hackali · wall_segment Palisade Wall x1 |
| 9:19 | Hackali · wall_segment Palisade Wall x1 |
| 9:22 | Hackali · wall_segment Palisade Wall x1 |
| 9:25 | Hackali · wall_segment Palisade Wall x1 |
| 9:26 | Hackali · age_up feudal |
| 9:28 | Hackali · wall_segment Palisade Wall x1 |
| 9:34 | Hackali · first_building Stable |
| 10:49 | Hackali · wall_segment Palisade Wall x1 |
| 10:55 | Hackali · wall_segment Palisade Wall x1 |
| 10:58 | Hackali · wall_segment Palisade Wall x1 |
| 10:59 | Hackali · wall_segment Palisade Wall x1 |
| 10:59 | Hackali · wall_segment Palisade Wall x1 |
| 10:59 | Hackali · wall_segment Palisade Wall x1 |
| 11:23 | Hackali · wall_segment Palisade Wall x1 |
| 11:52 | tomyam · age_up feudal |
| 12:00 | tomyam · first_building Archery Range |
| 12:31 | Hackali · wall_segment Palisade Wall x9 |
| 13:36 | Hackali · first_building Archery Range |
| 13:50 | Hackali · wall_segment Palisade Wall x1 |
| 13:51 | Hackali · wall_segment Palisade Wall x18 |
| 13:58 | Hackali · wall_segment Palisade Wall x4 |
| 14:04 | tomyam · wall_segment Palisade Wall x1 |
| 14:06 | Hackali · wall_segment Palisade Wall x1 |
| 14:07 | Hackali · wall_segment Palisade Wall x1 |
| 17:26 | Hackali · first_market_buy 100 food |
| 17:55 | Hackali · first_market_sell 100 wood |
| 18:14 | Hackali · wall_segment Palisade Wall x1 |
| 18:35 | tomyam · age_up castle |
| 18:50 | tomyam · first_building Siege Workshop |
| 20:36 | Hackali · age_up castle |
| 20:39 | Hackali · first_building Siege Workshop |
| 21:04 | tomyam · first_building Monastery |
| 26:50 | Hackali · first_building Castle |
| 27:08 | tomyam · first_building Castle |
| 28:44 | tomyam · first_market_buy 100 stone |
| 31:28 | tomyam · first_market_sell 100 food |
| 34:44 | tomyam · age_up imperial |
| 34:55 | Hackali · resign |
[ AI ANALYSIS · 1 CREDIT ]
What really happened in this match?
Wolo.gg analyzes every decision: build order, eco, micro, common mistakes by bracket. Personalized analysis on WhatsApp or Discord in 30 seconds.
Civ guide
Dravidians
Perfil
Jugador #2646845